| TOP OF THE 1ST |
|
St. Louis Cardinals batting - Pitching for New York Mets : RHP Oscar Brito
|
|
Pitching: RHP Oscar Brito
|
|
|
Batting: SHB Otis Nixon
|
0-0: Ball 1-0: SINGLE (Groundball, 56D, EV 101.9 MPH)
|
|
Batting: LHB Jim Gantner
|
0-0: Ball 1-0: Foul Ball, location: 2F 1-1: Ball 2-1: Foul Ball, location: 2F 2-2: Fielders Choice at 2nd, 6-4 (Groundball, 56, EV 89.4 MPH)
|
|
Batting: RHB Sixto Lezcano
|
0-0: Called Strike 0-1: Ball 1-1: Swinging Strike 1-2: Ball 2-2: Fielders Choice at 2nd, 4-6 (Groundball, 4, EV 85.0 MPH)
|
|
Batting: LHB Pat Putnam
|
0-0: Swinging Strike Balk! Sixto Lezcano to second 0-1: Ball 1-1: Ball 2-1: Foul Ball, location: 2F 2-2: Foul Ball, location: 2F 2-2: Ball 3-2: Fly out, F5 (Popup, 5S, EV 77.5 MPH)
|
| Top of the 1st over - 0 runs, 1 hit, 0 errors, 1 left on base; St. Louis 0 - New York 0 |
| BOTTOM OF THE 1ST |
|
New York Mets batting - Pitching for St. Louis Cardinals : RHP John D'Acquisto
|
|
Pitching: RHP John D'Acquisto
|
|
|
Batting: LHB John Kruk
|
0-0: Ball 1-0: Called Strike 1-1: Ball 2-1: Foul Ball, location: 2F 2-2: Strikes out swinging
|
|
Batting: RHB Gary Redus
|
0-0: Ball 1-0: Foul Ball, location: 2F 1-1: Ball 2-1: Ball 3-1: Base on Balls
|
|
Batting: LHB Lyman Bostock
|
0-0: Ball 1-0: Foul Ball, location: 2F 1-1: Fielders Choice at 2nd, 4-6 (Groundball, 4D, EV 100.6 MPH)
|
|
Batting: RHB George Gomez
|
0-0: Called Strike 0-1: Ball 1-1: Swinging Strike 1-2: DOUBLE (Flyball, 89D, EV 90.6 MPH) Lyman Bostock to third Lyman Bostock scores
|
|
Batting: LHB Roy E Johnson
|
0-0: Called Strike 0-1: Swinging Strike 0-2: Foul Ball, location: 2F 0-2: Ball 1-2: Ball 2-2: Ball 3-2: Base on Balls
|
|
Batting: RHB Garry Maddox
|
0-0: Called Strike 0-1: Fly out, F7 (Line Drive, 7, EV 92.5 MPH)
|
| Bottom of the 1st over - 1 run, 1 hit, 0 errors, 2 left on base; St. Louis 0 - New York 1 |
| TOP OF THE 2ND |
|
St. Louis Cardinals batting - Pitching for New York Mets : RHP Oscar Brito
|
|
Batting: LHB Mike Davis
|
0-0: Foul Ball, location: 2F 0-1: Ball 1-1: Called Strike 1-2: Ball 2-2: Strikes out swinging
|
|
Batting: RHB Craig Stimac
|
0-0: Ball 1-0: Called Strike 1-1: Foul Ball, location: 2F 1-2: Foul Ball, location: 2F 1-2: Ball 2-2: SINGLE (Line Drive, 4D, EV 94.4 MPH)
|
|
Batting: RHB Steve Lubratich
|
0-0: Ball 1-0: Called Strike 1-1: Swinging Strike 1-2: Ball 2-2: Ball 3-2: Strikes out swinging
|
|
Batting: RHB Bob E Johnson
|
0-0: Ball 1-0: Ball 2-0: Called Strike 2-1: Ground out 4-3 (Groundball, 4, EV 110.6 MPH)
|
| Top of the 2nd over - 0 runs, 1 hit, 0 errors, 1 left on base; St. Louis 0 - New York 1 |
| BOTTOM OF THE 2ND |
|
New York Mets batting - Pitching for St. Louis Cardinals : RHP John D'Acquisto
|
|
Batting: RHB Rick Burleson
|
0-0: Ground out 4-3 (Groundball, 4, EV 86.3 MPH)
|
|
Batting: LHB Terry Kennedy
|
0-0: Swinging Strike 0-1: Fly out, F8 (Flyball, 8LS, EV 87.5 MPH)
|
|
Batting: RHB Oscar Brito
|
0-0: Ball 1-0: Called Strike 1-1: Fly out, F9 (Line Drive, 9, EV 91.9 MPH)
|
| Bottom of the 2nd over - 0 runs, 0 hits, 0 errors, 0 left on base; St. Louis 0 - New York 1 |
| TOP OF THE 3RD |
|
St. Louis Cardinals batting - Pitching for New York Mets : RHP Oscar Brito
|
|
Batting: RHB John D'Acquisto
|
0-0: Ball 1-0: Ball 2-0: Swinging Strike 2-1: Fly out, F9 (Flyball, 9LD, EV 99.4 MPH)
|
|
Batting: SHB Otis Nixon
|
0-0: Ball 1-0: Foul Ball, location: 2F 1-1: Fly out, F8 (Line Drive, 8LM, EV 98.1 MPH)
|
|
Batting: LHB Jim Gantner
|
0-0: Ball 1-0: Ball 2-0: Ball 3-0: Called Strike 3-1: Called Strike 3-2: Fly out, F8 (Flyball, 78S, EV 75.0 MPH)
|
| Top of the 3rd over - 0 runs, 0 hits, 0 errors, 0 left on base; St. Louis 0 - New York 1 |
| BOTTOM OF THE 3RD |
|
New York Mets batting - Pitching for St. Louis Cardinals : RHP John D'Acquisto
|
|
Batting: LHB John Kruk
|
0-0: Ball 1-0: Ball 2-0: Called Strike 2-1: Swinging Strike 2-2: Ball 3-2: DOUBLE (Line Drive, 78D, EV 110.0 MPH)
|
|
Batting: RHB Gary Redus
|
0-0: Ball 1-0: Foul Ball, location: 2F 1-1: Swinging Strike 1-2: Ball 2-2: Foul Ball, location: 2F 2-2: Fly out, F9 (Flyball, 9LM, EV 86.3 MPH)
|
|
Batting: LHB Lyman Bostock
|
0-0: Foul Ball, location: 2F 0-1: Swinging Strike 0-2: SINGLE (Line Drive, 78S, EV 91.3 MPH) John Kruk to third Runner from 3rd tries for Home, SAFE, throw by LF to home
|
|
Batting: RHB George Gomez
|
0-0: Ball 1-0: Ball 2-0: Foul Ball, location: 2F 2-1: Called Strike 2-2: Ball 3-2: Foul Ball, location: 2F 3-2: Foul Ball, location: 2F 3-2: Strikes out looking
|
|
Batting: LHB Roy E Johnson
|
0-0: Ball 1-0: Ball 2-0: Ball 3-0: Base on Balls Lyman Bostock to second
|
|
Batting: RHB Garry Maddox
|
0-0: Called Strike 0-1: Fly out, F6 (Flyball, 56D, EV 85.0 MPH)
|
| Bottom of the 3rd over - 1 run, 2 hits, 0 errors, 2 left on base; St. Louis 0 - New York 2 |
| TOP OF THE 4TH |
|
St. Louis Cardinals batting - Pitching for New York Mets : RHP Oscar Brito
|
|
Batting: RHB Sixto Lezcano
|
0-0: SINGLE (Groundball, 6MD, EV 103.1 MPH)
|
|
Batting: LHB Pat Putnam
|
0-0: DOUBLE (Line Drive, 5D, EV 103.8 MPH) Sixto Lezcano to third Runner from 3rd tries for Home, SAFE, no throw by LF
|
|
Batting: LHB Mike Davis
|
0-0: Called Strike 0-1: Fly out, F9 (Flyball, 9, EV 89.4 MPH)
|
|
Batting: RHB Craig Stimac
|
0-0: SINGLE (Flyball, 8LS, EV 91.9 MPH) Pat Putnam to third Runner from 3rd tries for Home, SAFE, throw by CF to home
|
|
Batting: RHB Steve Lubratich
|
0-0: Ball 1-0: Called Strike 1-1: Ball 2-1: Ball 3-1: Base on Balls Craig Stimac to second
|
|
Batting: RHB Bob E Johnson
|
0-0: Ball 1-0: Foul Ball, location: 2F 1-1: SINGLE (Line Drive, 3D, EV 103.1 MPH) Craig Stimac to third Steve Lubratich to second Runner from 3rd tries for Home, SAFE, throw by RF to home
|
|
Batting: RHB John D'Acquisto
|
0-0: Sac Bunt to 3S - play at first, batter OUT! 3-4 Steve Lubratich to third Bob E Johnson to second
|
|
Batting: SHB Otis Nixon
|
0-0: Ground out 3-1 (Groundball, 34S, EV 81.9 MPH)
|
| Top of the 4th over - 3 runs, 4 hits, 0 errors, 2 left on base; St. Louis 3 - New York 2 |
| BOTTOM OF THE 4TH |
|
New York Mets batting - Pitching for St. Louis Cardinals : RHP John D'Acquisto
|
|
Batting: RHB Rick Burleson
|
0-0: Called Strike 0-1: Called Strike 0-2: Ball 1-2: Foul Ball, location: 2F 1-2: Ball 2-2: Fly out, F8 (Flyball, 89S, EV 85.0 MPH)
|
|
Batting: LHB Terry Kennedy
|
0-0: Called Strike 0-1: Fly out, F5 (Popup, 5S, EV 75.0 MPH)
|
|
Pinch Hitting: RHB Bill Almon
|
0-0: Called Strike 0-1: Called Strike 0-2: Ball 1-2: Foul Ball, location: 2F 1-2: Strikes out swinging
|
| Bottom of the 4th over - 0 runs, 0 hits, 0 errors, 0 left on base; St. Louis 3 - New York 2 |
| TOP OF THE 5TH |
|
St. Louis Cardinals batting - Pitching for New York Mets : RHP Oscar Brito
|
|
Pitching: RHP Salome Barojas
|
|
|
Batting: LHB Jim Gantner
|
0-0: Foul Ball, location: 2F 0-1: Ball 1-1: Foul Ball, location: 2F 1-2: Fly out, F8 (Flyball, 8RM, EV 96.3 MPH)
|
|
Batting: RHB Sixto Lezcano
|
0-0: Called Strike 0-1: Foul Ball, location: 2F 0-2: Foul Ball, location: 2F 0-2: Strikes out looking
|
|
Batting: LHB Pat Putnam
|
0-0: Ball 1-0: Ball 2-0: Called Strike 2-1: Foul Ball, location: 2F 2-2: SINGLE (Line Drive, 7LM, EV 108.1 MPH)
|
|
Batting: LHB Mike Davis
|
0-0: Ball 1-0: Fly out, F4 (Popup, 4, EV 53.1 MPH)
|
| Top of the 5th over - 0 runs, 1 hit, 0 errors, 1 left on base; St. Louis 3 - New York 2 |
| BOTTOM OF THE 5TH |
|
New York Mets batting - Pitching for St. Louis Cardinals : RHP John D'Acquisto
|
|
Pitching: RHP David Melendez
|
|
|
Batting: LHB John Kruk
|
0-0: Foul Ball, location: 2F 0-1: Ball 1-1: Ball 2-1: Ball 3-1: SINGLE (Groundball, 4MD, EV 98.1 MPH)
|
|
Batting: RHB Gary Redus
|
0-0: Called Strike 0-1: Ball 1-1: Ball 2-1: SINGLE (Groundball, 6S, EV 71.9 MPH) (infield hit) John Kruk to second
|
|
Batting: LHB Lyman Bostock
|
0-0: Ball 1-0: Ball 2-0: Ball 3-0: SINGLE (Line Drive, 78M, EV 100.6 MPH) John Kruk to third Gary Redus to second
|
|
Batting: RHB George Gomez
|
0-0: Foul Ball, location: 2F 0-1: Ball 1-1: DOUBLE (Groundball, 5L, EV 108.8 MPH) John Kruk scores Gary Redus scores Lyman Bostock to third Runner from 3rd tries for Home, SAFE, no throw by LF
|
|
Pitching: RHP Larry Andersen
|
|
|
Batting: LHB Roy E Johnson
|
0-0: SINGLE (Groundball, 34D, EV 96.9 MPH) George Gomez to third Runner from 3rd tries for Home, SAFE, throw by RF to home
|
|
Batting: RHB Garry Maddox
|
0-0: Ball 1-0: Foul Ball, location: 2F 1-1: Fielders Choice at 2nd, 6-4 (Groundball, 6, EV 84.4 MPH)
|
|
Batting: RHB Rick Burleson
|
0-0: Foul Ball, location: 2F 0-1: Ball 1-1: Grounds into double play, 4-6-3 (Groundball, 34, EV 95.0 MPH)
|
| Bottom of the 5th over - 4 runs, 5 hits, 0 errors, 0 left on base; St. Louis 3 - New York 6 |
| TOP OF THE 6TH |
|
St. Louis Cardinals batting - Pitching for New York Mets : RHP Salome Barojas
|
|
Batting: RHB Craig Stimac
|
0-0: Swinging Strike 0-1: Ball 1-1: Called Strike 1-2: Strikes out swinging
|
|
Batting: RHB Steve Lubratich
|
0-0: Ball 1-0: Fly out, F9 (Flyball, 9S, EV 93.1 MPH)
|
|
Batting: RHB Bob E Johnson
|
0-0: Ball 1-0: Ball 2-0: Ball 3-0: Base on Balls
|
|
Pinch Hitting: RHB Pascual D'Annunzio
|
0-0: Ball 1-0: Ball 2-0: Ball 3-0: Called Strike 3-1: Ground out 6-3 (Groundball, 6, EV 111.3 MPH)
|
| Top of the 6th over - 0 runs, 0 hits, 0 errors, 1 left on base; St. Louis 3 - New York 6 |
| BOTTOM OF THE 6TH |
|
New York Mets batting - Pitching for St. Louis Cardinals : RHP Larry Andersen
|
|
Pitching: RHP Lary Sorensen
|
|
|
Batting: LHB Terry Kennedy
|
0-0: SINGLE (Groundball, P, EV 92.5 MPH) (infield hit)
|
|
Pinch Hitting: RHB Dave Concepcion
|
0-0: Bunted foul 0-1: Ball 1-1: Ball 2-1: Sac Bunt to 15S - play at first, batter OUT! 1-4 Terry Kennedy to second
|
|
Pinch Hitting: LHB Alamazoo White
|
0-0: Swinging Strike 0-1: Swinging Strike Passed Ball! Terry Kennedy to third 0-2: Fly out, F2 (Popup, 2LF, EV 88.1 MPH)
|
|
Pinch Hitting: RHB Ray Knight
|
0-0: Swinging Strike 0-1: Called Strike 0-2: Ball 1-2: Strikes out swinging
|
| Bottom of the 6th over - 0 runs, 1 hit, 0 errors, 1 left on base; St. Louis 3 - New York 6 |
| TOP OF THE 7TH |
|
St. Louis Cardinals batting - Pitching for New York Mets : RHP Salome Barojas
|
|
Pitching: RHP Andres Barahona
|
|
|
Now at 1B: Alamazoo White
|
|
|
Now at 2B: Dave Concepcion
|
|
|
Pinch Hitting: SHB Paul Householder
|
0-0: Ball 1-0: Ball 2-0: Ball 3-0: Base on Balls
|
|
Pinch Hitting: RHB Onix Concepcion
|
0-0: Fielders Choice at 2nd, 4-6 (Groundball, 34, EV 80.0 MPH)
|
|
Pinch Hitting: SHB Billy E Smith
|
0-0: Ball 1-0: SINGLE (Groundball, 34S, EV 68.8 MPH) (infield hit) Onix Concepcion to second
|
|
Pinch Hitting: RHB Victor Rios
|
0-0: Ball 1-0: Foul Ball, location: 2F 1-1: Swinging Strike 1-2: Fielders Choice at 2nd, 3-6 (Groundball, 34, EV 90.6 MPH) Onix Concepcion to third
|
|
Pinch Hitting: RHB Mookie Wilson
|
0-0: Ball 1-0: Called Strike 1-1: Swinging Strike 1-2: SINGLE (Groundball, 6MD, EV 104.4 MPH) Onix Concepcion scores Victor Rios to second Runner from 2nd tries for 3rd, SAFE, throw by CF made to third
|
|
Pitching: RHP Matt Adams
|
|
|
Pinch Hitting: RHB Joe Torre
|
0-0: Called Strike 0-1: Ball Pickoff Throw by Catcher to First - Error! E2 Victor Rios scores Mookie Wilson to second 1-1: Swinging Strike 1-2: Ball 2-2: Ball 3-2: Foul Ball, location: 2F 3-2: Strikes out looking
|
| Top of the 7th over - 2 runs, 2 hits, 1 error, 1 left on base; St. Louis 5 - New York 6 |
| BOTTOM OF THE 7TH |
|
New York Mets batting - Pitching for St. Louis Cardinals : RHP Lary Sorensen
|
|
Now at 1B: Joe Torre
|
|
|
Now at 2B: Onix Concepcion
|
|
|
Now at SS: Billy E Smith
|
|
|
Now in LF: Mookie Wilson
|
|
|
Now in CF: Victor Rios
|
|
|
Now in RF: Paul Householder
|
|
|
Pinch Hitting: RHB Juan Garcia
|
0-0: Called Strike 0-1: Foul Ball, location: 2F 0-2: Foul Ball, location: 2F 0-2: Fly out, F9 (Flyball, 89S, EV 81.3 MPH)
|
|
Pinch Hitting: RHB German Rivera
|
0-0: Called Strike 0-1: Called Strike 0-2: Ball 1-2: Strikes out swinging
|
|
Batting: LHB Roy E Johnson
|
0-0: Ball 1-0: Foul Ball, location: 2F 1-1: Fly out, F7 (Flyball, 7S, EV 92.5 MPH)
|
| Bottom of the 7th over - 0 runs, 0 hits, 0 errors, 0 left on base; St. Louis 5 - New York 6 |
| TOP OF THE 8TH |
|
St. Louis Cardinals batting - Pitching for New York Mets : RHP Matt Adams
|
|
Now at 3B: German Rivera
|
|
|
Now in RF: Juan Garcia
|
|
|
Pinch Hitting: RHB Bob Grandas
|
0-0: Swinging Strike 0-1: Swinging Strike 0-2: Ball 1-2: Ball 2-2: Foul Ball, location: 2F 2-2: DOUBLE (Flyball, 89XD, EV 105.6 MPH)
|
|
Pinch Hitting: RHB Brian Dayett
|
0-0: Ball 1-0: Swinging Strike 1-1: Ball 2-1: Swinging Strike 2-2: Strikes out swinging
|
|
Pinch Hitting: LHB Mark Hildebrand
|
0-0: Swinging Strike 0-1: Swinging Strike 0-2: Ball 1-2: Foul Ball, location: 2F 1-2: Foul Ball, location: 2F 1-2: Ball 2-2: Strikes out swinging
|
|
Pitching: LHP Austin Martinelli
|
|
|
Batting: SHB Paul Householder
|
0-0: Called Strike 0-1: Called Strike 0-2: Ball 1-2: Foul Ball, location: 2F 1-2: Foul Ball, location: 2F 1-2: Ball 2-2: Ball 3-2: Base on Balls
|
|
Batting: RHB Onix Concepcion
|
0-0: Ball 1-0: Ball 2-0: Ground out 3-1 (Groundball, 34S, EV 87.5 MPH)
|
| Top of the 8th over - 0 runs, 1 hit, 0 errors, 2 left on base; St. Louis 5 - New York 6 |
| BOTTOM OF THE 8TH |
|
New York Mets batting - Pitching for St. Louis Cardinals : RHP Lary Sorensen
|
|
Pitching: LHP Paul Gibson
|
|
|
Now at C: Brian Dayett
|
|
|
Now at 3B: Bob Grandas
|
|
|
Batting: RHB Garry Maddox
|
0-0: Called Strike 0-1: Foul Ball, location: 2F 0-2: Reached on error, E5 (Groundball, 5, EV 83.1 MPH)
|
|
Batting: RHB Rick Burleson
|
0-0: Ball 1-0: Called Strike 1-1: Ball 2-1: Ball 3-1: SINGLE (Groundball, 56D, EV 107.5 MPH) Garry Maddox to second
|
|
Pinch Hitting: RHB Thomas Walker
|
0-0: Ball Garry Maddox steals 3rd base (no throw) Rick Burleson to second 1-0: Swinging Strike 1-1: Ball 2-1: Swinging Strike 2-2: Strikes out swinging
|
|
Batting: RHB Dave Concepcion
|
0-0: Swinging Strike 0-1: Called Strike 0-2: Ball 1-2: Ball 2-2: Foul Ball, location: 2F 2-2: Foul Ball, location: 2F 2-2: Ball 3-2: Strikes out swinging
|
|
Batting: LHB Alamazoo White
|
0-0: Ball 1-0: Foul Ball, location: 2F 1-1: Swinging Strike 1-2: Ball 2-2: Ball 3-2: Strikes out swinging
|
| Bottom of the 8th over - 0 runs, 1 hit, 1 error, 2 left on base; St. Louis 5 - New York 6 |
| TOP OF THE 9TH |
|
St. Louis Cardinals batting - Pitching for New York Mets : LHP Austin Martinelli
|
|
Now at C: Thomas Walker
|
|
|
Batting: SHB Billy E Smith
|
0-0: Ball 1-0: Ball 2-0: Called Strike 2-1: SINGLE (Flyball, 34D, EV 99.4 MPH)
|
|
Batting: RHB Victor Rios
|
0-0: Ball 1-0: Called Strike 1-1: Ball 2-1: Ball 3-1: Foul Ball, location: 2F 3-2: Foul Ball, location: 2F 3-2: Ground out 4-3 (Groundball, 34, EV 107.5 MPH) Billy E Smith to second
|
|
Batting: RHB Mookie Wilson
|
0-0: Called Strike Billy E Smith steals 3rd base 0-1: Ball 1-1: SINGLE (Groundball, 6D, EV 98.8 MPH) Billy E Smith scores
|
|
Batting: RHB Joe Torre
|
0-0: Called Strike Mookie Wilson is caught stealing 2nd base 2-4 0-1: Ball 1-1: Swinging Strike 1-2: Ball 2-2: Foul Ball, location: 2F 2-2: Hit by Pitch
|
|
Batting: RHB Bob Grandas
|
0-0: Called Strike 0-1: Called Strike 0-2: Ball 1-2: Ball 2-2: Fly out, F7 (Flyball, 78D, EV 88.1 MPH)
|
| Top of the 9th over - 1 run, 2 hits, 0 errors, 1 left on base; St. Louis 6 - New York 6 |
| BOTTOM OF THE 9TH |
|
New York Mets batting - Pitching for St. Louis Cardinals : LHP Paul Gibson
|
|
Pinch Hitting: RHB Jason Sickman
|
0-0: Ball 1-0: Ground out 5-3 (Groundball, 56S, EV 87.5 MPH)
|
|
Batting: RHB Juan Garcia
|
0-0: Ground out 2-3 (Groundball, 15S, EV 67.5 MPH)
|
|
Batting: RHB German Rivera
|
0-0: Ball 1-0: Ball 2-0: Ground out 5-3 (Groundball, 5L, EV 94.4 MPH)
|
| Bottom of the 9th over - 0 runs, 0 hits, 0 errors, 0 left on base; St. Louis 6 - New York 6 |
| TOP OF THE 10TH |
|
St. Louis Cardinals batting - Pitching for New York Mets : LHP Austin Martinelli
|
|
Pitching: RHP Kip Young
|
|
|
Batting: RHB Brian Dayett
|
0-0: Called Strike 0-1: Ball 1-1: Ball 2-1: Foul Ball, location: 2F 2-2: Ball 3-2: Foul Ball, location: 2F 3-2: SINGLE (Groundball, 25, EV 70.6 MPH) (infield hit)
|
|
Pinch Hitting: LHB Jim Adduci
|
0-0: Ball 1-0: Foul Ball, location: 2F 1-1: Ball 2-1: Swinging Strike 2-2: Ball 3-2: Fly out, F7 (Flyball, 7LS, EV 92.5 MPH)
|
|
Batting: SHB Paul Householder
|
0-0: Called Strike 0-1: Ball 1-1: Fielders Choice at 2nd, 3-6 (Groundball, 34, EV 89.4 MPH)
|
|
Batting: RHB Onix Concepcion
|
0-0: Ball 1-0: Foul Ball, location: 2F 1-1: Called Strike 1-2: Strikes out swinging
|
| Top of the 10th over - 0 runs, 1 hit, 0 errors, 1 left on base; St. Louis 6 - New York 6 |
| BOTTOM OF THE 10TH |
|
New York Mets batting - Pitching for St. Louis Cardinals : LHP Paul Gibson
|
|
Pitching: LHP Jeff Little
|
|
|
Batting: LHB Roy E Johnson
|
0-0: Fly out, F6 (Popup, 6S, EV 64.4 MPH)
|
|
Batting: RHB Garry Maddox
|
0-0: Ball 1-0: Ground out 5-3 (Groundball, 56, EV 103.8 MPH)
|
|
Batting: RHB Rick Burleson
|
0-0: Called Strike 0-1: Foul Ball, location: 2F 0-2: Ground out 4-3 (Groundball, 4, EV 86.9 MPH)
|
| Bottom of the 10th over - 0 runs, 0 hits, 0 errors, 0 left on base; St. Louis 6 - New York 6 |
| TOP OF THE 11TH |
|
St. Louis Cardinals batting - Pitching for New York Mets : RHP Kip Young
|
|
Batting: SHB Billy E Smith
|
0-0: Ball 1-0: Swinging Strike 1-1: Ball 2-1: Fly out, F7 (Flyball, 78D, EV 79.4 MPH)
|
|
Batting: RHB Victor Rios
|
0-0: Swinging Strike 0-1: Foul Ball, location: 2F 0-2: Foul Ball, location: 2F 0-2: Strikes out looking
|
|
Batting: RHB Mookie Wilson
|
0-0: Swinging Strike 0-1: Ball 1-1: Ground out 5-3 (Groundball, 56, EV 82.5 MPH)
|
| Top of the 11th over - 0 runs, 0 hits, 0 errors, 0 left on base; St. Louis 6 - New York 6 |
| BOTTOM OF THE 11TH |
|
New York Mets batting - Pitching for St. Louis Cardinals : LHP Jeff Little
|
|
Batting: RHB Thomas Walker
|
0-0: Ball 1-0: Called Strike 1-1: Called Strike 1-2: Strikes out swinging
|
|
Batting: RHB Dave Concepcion
|
0-0: Foul Ball, location: 2F 0-1: Ball 1-1: SOLO HOME RUN (Flyball, 7D, EV 92.5 MPH), Distance : 382 ft
|
| Bottom of the 11th over - 1 run, 1 hit, 0 errors, 0 left on base; St. Louis 6 - New York 7 |
|